 Dungeon Crawl Stone Soup version 0.32-a0-798-gfa783ce77f (webtiles) character file.

Game seed: 3242532503416045375

5721 Lavandula the Spear-Bearer (level 10, -6/91 HPs)
             Began as a Naga Conjurer on Mar 21, 2024.
             Mangled by a two-headed ogre
             ... wielding a +0 giant club
              (16 damage)
             ... on level 8 of the Dungeon.
             The game lasted 00:32:50 (9290 turns).

Lavandula the Spear-Bearer (Naga Conjurer)          Turns: 9290, Time: 00:32:50

Health: -6/91      AC:  4    Str: 16    XL:     10   Next: 76%
Magic:  4/14       EV:  9    Int: 21    God:
Gold:   104        SH:  0    Dex:  9    Spells: 6/15 levels left

rFire   + . .        q - +5 trident (chaos)
rCold   . . .        (no shield)
rNeg    . . .        a - +0 robe
rPois   +            (helmet currently unavailable)
rElec   .            f - melded +2 cloak {Stlth+}
rCorr   +            (gloves currently unavailable)
SInv    +            (no barding)
Will    +....        (no amulet)
Stlth   ++           p - +4 ring of slaying
HPRegen 0.35/turn    l - ring of resist corrosion
MPRegen 0.14/turn

%: no passive effects
@: lethally poisoned (-6 -> -8), beast-form, very slightly contaminated, very
slow
A: beast (slay +2), AC +3, large, see invisible, deformed body, poison
resistance, slowness 2, spit poison 1, naga tail 1
a: Spit Poison, Begin Untransformation


You were on level 8 of the Dungeon.
You were a hulking beast.
You visited 2 branches of the dungeon, and saw 9 of its levels.
You also visited: Sewer.

You collected 279 gold pieces.
You spent 175 gold pieces at shops.

Inventory:

Hand Weapons
 g - the +9 staff of Olgreb {rPois∞}
   (You found it on level 6 of the Dungeon)

   Radiate:   It can be activated via the 'a'bility menu to radiate toxic
   energy, with effectiveness depending on Evocations skill.
   Alch:      It enhances your alchemy magic.
   rPois∞: It grants immunity to poison.
 q - a +5 trident of chaos (weapon)
Missiles
 x - a curare-tipped dart (quivered)
Armour
 a - a +0 robe (worn)
 f - a +2 cloak of stealth (melded)
Jewellery
 l - a ring of resist corrosion (right hand)
 p - a +4 ring of slaying (left hand)
 y - a ring of fire
Talismans
 u - the beast talisman "Gyxigips" (active) {rF+ Str+6 Int-2}
   (You found it in a sewer)

   [beast talisman]

   Str+6:     It affects your strength (+6).
   Int-2:     It affects your intelligence (-2).
   rF+:       It protects you from fire.
Wands
 i - a wand of flame (21)
 s - a wand of quicksilver (8)
Scrolls
 b - a scroll of teleportation
 c - a scroll of amnesia
 d - 2 scrolls of immolation
 h - 3 scrolls of vulnerability
 j - 2 scrolls of blinking
 k - 2 scrolls of noise
Potions
 e - 2 potions of curing
 m - 2 potions of brilliance {unknown}
 n - a potion of magic
 o - a potion of enlightenment {unknown}
 r - a potion of haste {unknown}
 v - a potion of heal wounds
 w - a potion of lignification {unknown}


   Skills:
 - Level 5.8 Fighting
 - Level 9.7 Polearms
 - Level 4.0 Armour
 - Level 3.9 Dodging
 - Level 3.0 Stealth
 - Level 3.0 Spellcasting
 - Level 5.0 Conjurations
 - Level 4.9 Ice Magic
 - Level 3.0 Evocations
 - Level 4.0 Shapeshifting


You had 6 spell levels left.
You knew the following spells:

 Your Spells              Type           Power      Damage    Failure   Level
a - Fulminant Prism       Conj/Alch      6%         3d7       43%         4
b - Searing Ray           Conj           48%        2d6       2%          2
c - Frozen Ramparts       Ice            48%        1d8       5%          3

Your spell library contained the following spells:

 Spells                   Type           Power      Damage    Failure   Level
 Freeze                   Ice            96%        1d10      1%          1
 Magic Dart               Conj           96%        1d7       1%          1
 Kiss of Death            Conj/Necr      52%        2d9       4%          1
 Hailstorm                Conj/Ice       24%        3d7       5%          3
 Confusing Touch          Hex            3%         N/A       36%         3
 Iskenderun's Mystic Bla  Conj/Tloc      13%        2d5       43%         4
 Dispel Undead            Necr           3%         3d7       78%         4
 Sculpt Simulacrum        Ice/Alch       6%         N/A       100%        6
 Ozocubu's Refrigeration  Ice            12%        4d10      100%        7
 Polar Vortex             Ice            12%        12d1*     100%        9


Dungeon Overview and Level Annotations

Branches:
Dungeon (8/15)             Temple (1/1) D:5           Sewer (visited)
   Lair: D:8-11

Altars:
Ashenzari
Cheibriados
Elyvilon
Fedhas
Gozag
Hepliaklqana
Kikubaaqudgha
Makhleb
Nemelex Xobeh
Okawaru
Qazlal
Ru
Sif Muna
Trog
Uskayaw
Vehumet
Wu Jian
Zin
The Shining One

Shops:
D:2 !   D:5 =   D:7 :*?

Annotations:
D:1 exclusion: gnoll
D:4 Edmund, Robin
D:6 1 runed translucent door


Innate Abilities, Weirdness & Mutations

You are a hulking beast.
Your limbs bulge with bestial killing power. (Slay +2)
Your serpentine skin is tough. (AC +3)
You have supernaturally acute eyesight. (SInv)
Armour fits poorly on your strangely shaped body.
Your system is resistant to poisons. (rPois)
You cover ground very slowly.
You can spit poison.
You have a snake-like lower body.


Message History

Okay, then.
Okay, then.
Aiming: Fastroot
Press: ? - help, Shift-Dir - straight line, f - two-headed ogre
Aim: a two-headed ogre, wielding two +0 giant clubs (lightly wounded)
The roots erupt in riotous growth!
Roots grab the two-headed ogre.
The now-empty wand crumbles to dust.
The grasping roots constrict the two-headed ogre!
You feel very sick.
You hear an angry growl.
The wall freezes the two-headed ogre.
The two-headed ogre hits you with a +0 giant club!!
The two-headed ogre barely misses you.
Unknown command.
Okay, then.
The frozen ramparts melt away as you move.
You have got your breath back.
The grasping roots constrict the two-headed ogre!
You feel very sick.
A lemure comes into view.
The two-headed ogre struggles to escape constriction.
Okay, then.
Unknown command.
The grasping roots constrict the two-headed ogre!
You feel sick.
You grasping roots sink back into the ground.
A lemure comes into view.
Okay, then.
You feel sick.
The two-headed ogre attacks as it pursues you!
The two-headed ogre closely misses you.
The two-headed ogre hits you with a +0 giant club.
Unknown command.
You feel sick. The lemure closely misses you.
The two-headed ogre attacks as it pursues you!
The two-headed ogre hits you with a +0 giant club!!
* * * LOW HITPOINT WARNING * * *
The two-headed ogre hits you with a +0 giant club!
You die...

.P....P.........
P...P...........
....P...........
..PP...#.#######
.......#.#
.......#.##
P..P...÷..###
...P...#÷.O.#
.......#.##h#
.........#5.#
........÷÷<##
........5###
.....#.#.#
..####..5. ##.##
#. ..


You could see a two-headed ogre and 2 lemures.

Vanquished Creatures
  A komodo dragon (D:8)
  3 yaks (D:6)
  Eustachio (D:4)
  A redback (D:6)
  8 water moccasins
  3 orc warriors
  An ice beast (D:6)
  A black bear (D:8)
  A sky beast (D:8)
  4 ogres
  A phantom (D:5)
  A kobold brigand (D:7)
  7 bullfrogs
  10 scorpions
  16 killer bees
  4 howler monkeys
  2 bombardier beetles
  2 orc priests
  5 hounds
  A jelly (D:5)
  Crazy Yiuf (D:3)
  A sleepcap (D:7)
  2 iguanas
  9 orc wizards
  4 gnolls (D:4)
  11 adders
  A river rat (D:6)
  A shadow imp (D:5)
  2 white imps
  4 ufetubi
  2 ribbon worms
  15 dart slugs
  19 orcs
  11 ball pythons
  15 endoplasms
  7 giant cockroaches
  7 goblins
  3 hobgoblins
  6 jackals
  13 kobolds
  3 quokkas
  5 bats
  12 frilled lizards
  7 rats
234 creatures vanquished.

Vanquished Creatures (others)
  A fulminant prism (D:8)
1 creature vanquished.

Grand Total: 235 creatures vanquished

Notes
Turn   | Place    | Note
-------+----------+-------------------------------------------
     0 | D:1      | Lavandula the Naga Conjurer began the quest for the Orb.
     0 | D:1      | Reached XP level 1. HP: 15/15 MP: 3/3
   297 | D:1      | Reached skill level 1 in Fighting
   435 | D:1      | Reached XP level 2. HP: 25/25 MP: 3/5
   536 | D:1      | Learned a level 2 spell: Searing Ray
   981 | D:2      | Reached XP level 3. HP: 32/32 MP: 2/7
  1495 | D:2      | Found Simat's Distillery.
  1498 | D:2      | Bought a potion of heal wounds for 55 gold pieces
  1499 | D:2      | Found an opulent altar of Gozag.
  1579 | D:2      | You fall into a shaft and drop 1 floor!
  1775 | D:3      | Reached XP level 4. HP: 39/39 MP: 4/8
  2126 | D:3      | Learned a level 3 spell: Frozen Ramparts
  2680 | D:3      | Found a runed translucent door.
  2681 | D:3      | Noticed Crazy Yiuf
  3111 | D:4      | Reached XP level 5. HP: 27/45 MP: 2/9
  3211 | D:4      | Noticed a +0 short sword
  3211 | D:4      | Noticed a +0 spear
  3211 | D:4      | Noticed a +0 dagger
  3212 | D:4      | Noticed a +0 dagger
  3212 | D:4      | Noticed a +0 falchion
  3213 | D:4      | Noticed a +0 short sword
  3213 | D:4      | Noticed a +0 falchion
  3214 | D:4      | Noticed a +0 spear
  3221 | D:4      | Found a hide-covered altar of Uskayaw.
  3605 | D:4      | Noticed Eustachio
  3613 | D:4      | Killed Eustachio
  3614 | D:4      | Reached XP level 6. HP: 36/52 MP: 0/10
  3741 | D:4      | Identified the +1 helmet of Conscience {Harm}
  3741 | D:4      | Noticed Robin
  3741 | D:4      | Noticed Edmund
  3956 | D:4      | Noticed an ice beast
  3986 | D:5      | Entered Level 5 of the Dungeon
  4075 | D:5      | Found Dojaen's One-of-a-Kind Rings.
  4257 | D:5      | Reached XP level 7. HP: 58/62 MP: 7/11
  4265 | D:5      | Reached skill level 1 in Polearms
  4269 | D:5      | Reached skill level 2 in Polearms
  4290 | D:5      | Reached skill level 3 in Polearms
  4747 | D:5      | Reached skill level 4 in Polearms
  4747 | D:5      | Reached XP level 8. HP: 72/72 MP: 4/12
  4747 | D:5      | Found a staircase to the Ecumenical Temple.
  4763 | Temple   | Entered the Ecumenical Temple
  5060 | D:6      | Noticed a yak
  5060 | D:6      | Noticed a yak
  5060 | D:6      | Noticed a yak
  5194 | D:5      | Reached skill level 5 in Polearms
  5332 | D:3      | Killed Crazy Yiuf
  5445 | D:6      | Found a glowing drain.
  5449 | Sewer    | Entered a sewer
  5813 | Sewer    | Reached skill level 6 in Polearms
  5827 | Sewer    | Identified the beast talisman "Gyxigips" {rF+ Str+6 Int-2}
  5919 | D:6      | Reached skill level 1 in Shapeshifting
  5955 | D:6      | Reached XP level 9. HP: 25/79 MP: 0/13
  5958 | D:6      | Reached skill level 5 in Fighting
  6153 | D:6      | Found a sacrificial altar of Ru.
  6247 | D:6      | Found a runed translucent gate.
  6249 | D:6      | Found a runed translucent gate.
  6249 | D:6      | Found a runed translucent gate.
  6325 | D:6      | Found a runed translucent door.
  6332 | D:6      | Found the +9 staff of Olgreb {rPois∞}
  6339 | D:6      | Found a runed translucent door.
  6439 | D:6      | Reached skill level 7 in Polearms
  6868 | D:7      | Found Muoshrin's General Store.
  6869 | D:7      | Found Ruduytew's Book Boutique.
  6870 | D:7      | Found Xossolu's Magic Scroll Boutique.
  6876 | D:7      | Bought a scroll of teleportation for 45 gold pieces
  6876 | D:7      | Bought a potion of curing for 45 gold pieces
  6876 | D:7      | Bought a scroll of identify for 30 gold pieces
  6967 | D:6      | Reached skill level 5 in Conjurations
  6969 | D:6      | Reached skill level 8 in Polearms
  6992 | D:6      | Reached skill level 9 in Polearms
  6993 | D:6      | Reached skill level 1 in Armour
  6994 | D:6      | Reached XP level 10. HP: 42/88 MP: 8/14
  8386 | D:7      | Reached skill level 1 in Evocations
  9020 | D:8      | Noticed a two-headed ogre
  9274 | D:7      | Learned a level 4 spell: Fulminant Prism
  9290 | D:8      | Mangled by a two-headed ogre

Illustrated notes

Levels and vault maps discovered:
D:1:      dpeg_arrival_more_subterranean_lakeside_camping, layout_basic
D:2:      layout_loops_cross, basic_altar, serial_shops, shop,
          minmay_strange_pillars
D:3:      wad_lake_hut, layout_basic, uniq_crazy_yiuf_cottage
D:4:      layout_loops_corners, nicolae_uskayaw_en_pointe,
          grunt_decor_resistance, nicolae_tricolors, uniq_eustachio, uniq_robin,
          uniq_edmund
D:5:      layout_loops_cross, temple_fountains, hangedman_abyss_or_decor_stabs,
          nicolae_shop_unique_rings, minmay_liquid_box,
          nicolae_twisty_statue_hallways
D:6:      layout_rooms, nicolae_ru_great_annihilating_truth,
          mainiacjoe_sewer_entry_somewhere_in_here_2, serial_aquarium,
          aquarium_bridge_square [aquarium_subvault_bridge,
          aquarium_subvault_bridge, aquarium_subvault_bridge,
          aquarium_subvault_window], aquarium_window_1, aquarium_window_fake,
          aquarium_view_2g, aquarium_balcony_5a,
          minmay_guarded_unrand_staff_of_olgreb
D:7:      dreamdust_elfheim, layout_gridville, serial_library,
          serial_library_hellmonk_open_square,
          serial_library_hellmonk_double_dead_end,
          serial_library_regret_index_split_case,
          serial_library_hellmonk_hallway_a,
          serial_library_hellmonk_reading_circle,
          serial_library_hellmonk_statue_hall,
          serial_library_hellmonk_layered_room, serial_library_hellmonk_room_a,
          nicolae_shop_distant_corner_stores
D:8:      layout_rooms, dk_xom_monty_hall, due_lair_maze_entry_diamond,
          biasface_ghost_orc_armoury, serial_shops, nicolae_shop_rolled_up,
          uniq_pikel
Temple:   sentei_temple_godly_chess

Skill      XL: |  1  2  3  4  5  6  7  8  9 10 |
---------------+-------------------------------+-----
Fighting       | 1 3 4 5 |  5.8
Spellcasting   | 3 |  3.0
Ice Magic      | 2 4 |  4.9
Polearms       | 4 6 9 |  9.7
Dodging        | 3 |  3.9
Shapeshifting  | 3 4 |  4.0
Conjurations   | 5 |  5.0
Armour         | 2 4 |  4.0
Evocations     | 3 |  3.0
Stealth        | |  3.0

Action                     |  1- 3 |  4- 6 |  7- 9 | 10-12 || total
---------------------------+-------+-------+-------+-------++-------
  Melee: Unarmed           |    19 |       |       |       ||    19
         Long sword        |     2 |    10 |       |       ||    12
         Dagger            |     1 |       |       |       ||     1
         Trident           |       |    17 |   153 |   124 ||   294
   Cast: Magic Dart        |    58 |    28 |       |       ||    86
         Searing Ray       |     2 |     6 |    13 |     2 ||    23
         Frozen Ramparts   |       |     4 |    20 |    10 ||    34
         Fulminant Prism   |       |       |       |     1 ||     1
Ability: Spit Poison       |    13 |    21 |    21 |    10 ||    65
  Evoke: Wand              |       |       |     3 |     1 ||     4
    Use: Potion            |     1 |     1 |     3 |     1 ||     6
         Scroll            |       |     5 |     9 |     3 ||    17
   Stab: Sleeping          |       |     3 |     3 |       ||     6
         Paralysed         |       |       |     2 |       ||     2
         Distracted        |       |       |     1 |       ||     1
 Armour: Robe              |    24 |    47 |   169 |    91 ||   331
  Dodge: Dodged            |    17 |    11 |    97 |    49 ||   174
   Form: Beast             |       |       |     1 |       ||     1

Table legend: (Time is in decaauts)
 A = Elapsed time spent in this place.
 B = Non-inter-level travel time spent in this place.
 C = Inter-level travel time spent in this place.
 D = Time resting spent in this place.
 E = Time spent auto-exploring this place.
 F = Levels seen in this place.
 G = Mean time per level.
                   A        B        C        D        E       F      G
               +--------+--------+--------+--------+--------+-----+--------+
         Total |  11339 |  10726 |    613 |   1733 |   7054 |  10 | 1133.9 |
       Dungeon |  10862 |  10249 |    613 |   1733 |   6840 |   8 | 1357.8 |
        Temple |     10 |     10 |      0 |      0 |      0 |   1 |   10.0 |
         Sewer |    466 |    466 |      0 |      0 |    213 |   1 |  466.0 |
               +--------+--------+--------+--------+--------+-----+--------+

Top non-repeatable levels by time:
     D:7: 2233 daAuts
     D:3: 1909 daAuts
     D:6: 1621 daAuts
     D:5: 1497 daAuts
     D:4: 1265 daAuts
     D:1: 1199 daAuts
     D:2: 893 daAuts
   Sewer: 466 daAuts
     D:8: 241 daAuts
  Temple: 10 daAuts
